[Event "Titled Tuesday Blitz March 22 Late 2022"]
[White "Estrada Nieto, Julian"]
[Black "Belous, Vladimir"]
[WhiteFideId "5101018"]
[BlackFideId "4174003"]
[WhiteElo "2246"]
[BlackElo "2534"]
[Result "0-1"]
[Round "01"]
[TimeControl "180+1"]
[Date "2022.03.22"]
[WhiteClock "0:01:27"]
[BlackClock "0:02:26"]

1. e4 c5 2. Nf3 Nc6 3. Bb5 g6 4. Bxc6 dxc6 5. d3 Bg7 6. h3 b6 7. Nc3 Nh6 8. Be3 f6 9. Qd2 Nf7 10. g4 e5 11. O-O-O Be6 12. Nh2 Qe7 13. f4 exf4 14. Bxf4 O-O-O 15. Qe2 Kb7 16. Nf3 Rhe8 17. Kb1 Nd6 18. Rhe1 Nb5 19. Nxb5 cxb5 20. e5 Bd5 21. Qf2 Qf7 22. b3 fxe5 23. Bg5 Qxf3 24. Qxf3 Bxf3 0-1


[Site "https://www.chess.com"]

[Event "Titled Tuesday Blitz March 22 Late 2022"]
[White "Ezat, Mohamed"]
[Black "Sailer, Mike"]
[WhiteFideId "10600906"]
[BlackFideId "2012901"]
[WhiteElo "2386"]
[BlackElo "2109"]
[Result "1-0"]
[Round "01"]
[TimeControl "180+1"]
[Date "2022.03.22"]
[WhiteClock "0:00:15"]
[BlackClock "0:00:02"]

1. d4 d5 2. c4 Bf5 3. cxd5 Bxb1 4. Qa4+ Qd7 5. Qxd7+ Nxd7 6. Rxb1 Ngf6 7. a3 Nb6 8. Nf3 Nbxd5 9. Bd2 e6 10. e3 Be7 11. Bd3 O-O 12. Ke2 Rfd8 13. Rhc1 Rac8 14. b4 a6 15. a4 c6 16. b5 axb5 17. axb5 c5 18. b6 cxd4 19. Nxd4 Rxc1 20. Rxc1 Nxb6 21. Ba5 Nfd7 22. Rc7 Kf8 23. Rxb7 Bc5 24. Nb3 Ra8 25. Bxb6 Ra2+ 26. Kf1 Nxb6 27. Nxc5 Nd5 28. g3 g6 29. h4 Kg7 30. Nxe6+ Kf6 31. Nd4 Rd2 32. Bc4 Nc3 33. Rxf7+ Ke5 34. Nf3+ 1-0


[Site "https://www.chess.com"]

[Event "Titled Tuesday Blitz March 22 Late 2022"]
[White "Fajdetic, Hrvoje"]
[Black "Domingo Nunez, Alejandro"]
[WhiteFideId "14501945"]
[BlackFideId "22245561"]
[WhiteElo "2172"]
[BlackElo "2215"]
[Result "0-1"]
[Round "01"]
[TimeControl "180+1"]
[Date "2022.03.22"]
[WhiteClock "0:00:14"]
[BlackClock "0:01:01"]

1. d4 g6 2. Nc3 Bg7 3. e4 c6 4. e5 d5 5. h4 h5 6. Bd3 Nh6 7. Nge2 c5 8. dxc5 Nc6 9. f4 Ng4 10. O-O Bf5 11. Bxf5 gxf5 12. Qxd5 Qa5 13. e6 fxe6 14. Qxe6 Qxc5+ 15. Kh1 Kf8 16. Nd5 Rd8 17. Qxf5+ Nf6 18. Nec3 Rxd5 19. Nxd5 Qxd5 20. Qc8+ Kf7 21. Qxb7 Ne4 22. Kh2 Rb8 23. Qa6 Nf6 24. Qd3 Ng4+ 25. Kg3 Nd4 26. Rd1 Nf5+ 27. Kh3 Nf2+ 28. Kh2 Nxd3 0-1


[Site "https://www.chess.com"]

[Event "Titled Tuesday Blitz March 22 Late 2022"]
[White "Ferreira, Vitor Hugo Vieira"]
[Black "Weetik, Vjacheslav"]
[WhiteFideId "2119765"]
[BlackFideId "4153472"]
[WhiteElo "2165"]
[BlackElo "2469"]
[Result "0-1"]
[Round "01"]
[TimeControl "180+1"]
[Date "2022.03.22"]
[WhiteClock "0:00:32"]
[BlackClock "0:00:34"]

1. e4 c6 2. d4 d5 3. exd5 cxd5 4. Bd3 Nc6 5. c3 Qc7 6. Ne2 Bg4 7. O-O Nf6 8. Qe1 Bh5 9. f4 e6 10. Ng3 Bd6 11. Nxh5 Nxh5 12. Qh4 g6 13. f5 e5 14. dxe5 Nxe5 15. Be2 Be7 16. Qa4+ Nc6 17. Bxh5 gxh5 18. f6 Bd6 19. Re1+ Kd7 20. Qh4 Rae8 21. Rd1 Bc5+ 22. Kh1 Qe5 23. Bf4 Qf5 24. h3 Re4 25. Rf1 Bd6 26. g3 Bxf4 27. gxf4 Re2 28. Na3 Qe4+ 29. Kg1 Qg2# 0-1


[Site "https://www.chess.com"]

[Event "Titled Tuesday Blitz March 22 Late 2022"]
[White "Fieberg, Samuel"]
[Black "Beerdsen, Thomas"]
[WhiteFideId "12901717"]
[BlackFideId "1030108"]
[WhiteElo "2461"]
[BlackElo "2585"]
[Result "0-1"]
[Round "01"]
[TimeControl "180+1"]
[Date "2022.03.22"]
[WhiteClock "0:00:21"]
[BlackClock "0:00:27"]

1. e4 e5 2. Nf3 Nc6 3. Bc4 f5 4. d3 d6 5. O-O f4 6. h3 g5 7. Nh2 h5 8. Bxg8 Rxg8 9. Qxh5+ Ke7 10. Nc3 Be6 11. Nd5+ Kd7 12. Ng4 Be7 13. Qh7 Rh8 14. Qg7 Kc8 15. Nxe7+ Nxe7 16. Qxg5 b6 17. d4 Bxg4 18. Qxg4+ Kb7 19. dxe5 dxe5 20. Rd1 Qf8 21. Qe6 f3 22. Bg5 Nc6 23. g3 Re8 24. Qg4 Nd4 25. Rxd4 exd4 26. Rd1 Qc5 27. Rd2 a5 28. h4 Rhf8 29. Bf4 Rxe4 30. Qxf3 Qc6 31. Kg2 Rg8 32. Bg5 Rf8 33. Qxf8 Rf4+ 34. Kg1 Rxf8 35. h5 Qf3 36. h6 Rf5 37. h7 Qh5 38. Bh4 Qxh7 39. Rxd4 Qf7 40. Rd3 Rxf2 41. Rd1 Qf3 0-1


[Site "https://www.chess.com"]

[Event "Titled Tuesday Blitz March 22 Late 2022"]
[White "Fier, Alexandr"]
[Black "Schuster, Karsten"]
[WhiteFideId "2107139"]
[BlackFideId "4611071"]
[WhiteElo "2571"]
[BlackElo "2367"]
[Result "1-0"]
[Round "01"]
[TimeControl "180+1"]
[Date "2022.03.22"]
[WhiteClock "0:01:26"]
[BlackClock "0:00:29"]

1. d4 d5 2. c4 c6 3. Nc3 Nf6 4. cxd5 cxd5 5. Bf4 a6 6. e3 Nc6 7. Be2 Bf5 8. g4 Be4 9. f3 Bg6 10. h4 h5 11. g5 Ng8 12. Bd3 Bxd3 13. Qxd3 g6 14. Nge2 e6 15. Kf2 Bd6 16. Rac1 Nge7 17. Na4 Bxf4 18. Nxf4 Nf5 19. Nc5 Qe7 20. Qb3 Rb8 21. Qb6 O-O 22. Rc3 Qd6 23. Ncd3 Rfc8 24. Qc5 Qd8 25. Qa3 Na5 26. Ne5 Rxc3 27. bxc3 b5 28. Nfd3 Nc4 29. Nxc4 dxc4 30. Nc5 Qd6 31. Rh3 Ra8 32. e4 Qf4 33. exf5 Qd2+ 34. Kg3 Qe1+ 35. Kf4 exf5 36. Rh2 Re8 37. Qb2 Qe3+ 38. Kg3 f4+ 39. Kg2 Qe1 40. Ne4 Rxe4 41. fxe4 Qg3+ 42. Kf1 f3 43. Qf2 Qf4 44. Rh3 Qc1+ 45. Qe1 Qf4 46. Kf2 b4 47. Rxf3 Qxh4+ 48. Kf1 Qh1+ 49. Ke2 Qg2+ 50. Qf2 Qxg5 51. cxb4 Qc1 52. Qe3 Qc2+ 53. Kf1 c3 54. Qf4 Qd1+ 55. Kg2 c2 56. Qxf7+ Kh8 57. Qf8+ Kh7 58. Rf7# 1-0


[Site "https://www.chess.com"]

[Event "Titled Tuesday Blitz March 22 Late 2022"]
[White "Gabrielian, Artur"]
[Black "Toncheva, Nadya"]
[WhiteFideId "4131002"]
[BlackFideId "2924056"]
[WhiteElo "2440"]
[BlackElo "1884"]
[Result "1-0"]
[Round "01"]
[TimeControl "180+1"]
[Date "2022.03.22"]
[WhiteClock "0:01:16"]
[BlackClock "0:00:22"]

1. e4 c5 2. Nc3 e6 3. Nge2 Nc6 4. d4 cxd4 5. Nxd4 Qc7 6. Be3 Nf6 7. a3 a6 8. f4 Be7 9. Qf3 b5 10. e5 Nxd4 11. Bxd4 Bb7 12. Qg3 Nh5 13. Qg4 g6 14. O-O-O Rc8 15. Bd3 b4 16. axb4 Bxb4 17. Rhf1 Ng7 18. Qe2 Qa5 19. Kb1 Rb8 20. Na2 Bd5 21. Nxb4 Qxb4 22. c4 Bc6 23. Qd2 Qa4 24. Bc5 Rb7 25. g4 Rb3 26. Bc2 Qxc4 27. Qd6 Kd8 28. Qxc6 1-0


[Site "https://www.chess.com"]

[Event "Titled Tuesday Blitz March 22 Late 2022"]
[White "Garagulya, Konstantin"]
[Black "Ibarra Jerez, Jose Carlos"]
[WhiteFideId "4128931"]
[BlackFideId "2226332"]
[WhiteElo "2329"]
[BlackElo "2626"]
[Result "0-1"]
[Round "01"]
[TimeControl "180+1"]
[Date "2022.03.22"]
[WhiteClock "0:00:02"]
[BlackClock "0:00:05"]

1. d4 Nf6 2. Nf3 g6 3. Nc3 d5 4. Bf4 Bg7 5. e3 O-O 6. Nb5 Ne8 7. c4 dxc4 8. Bxc4 a6 9. Nc3 b5 10. Bd3 Bb7 11. Be4 c6 12. O-O Nd7 13. Rc1 Nef6 14. a3 Rc8 15. Qe2 Qb6 16. Rfd1 Nxe4 17. Nxe4 c5 18. dxc5 Nxc5 19. Nxc5 Rxc5 20. b4 Rxc1 21. Rxc1 Rc8 22. Rxc8+ Bxc8 23. Be5 f6 24. Bd4 Qc6 25. Bc5 Kf7 26. Nd4 Qd5 27. e4 Qd7 28. Qa2+ e6 29. f4 f5 30. e5 Bb7 31. Kf2 Bh6 32. g3 Bd5 33. Qc2 Ba8 34. Qa2 Bd5 35. Qc2 g5 36. fxg5 Bxg5 37. Bd6 Ba8 38. h4 Bd8 39. Ke3 Bb6 40. Qe2 Kg6 41. g4 Qc6 42. gxf5+ exf5 43. h5+ Kg7 44. Kd2 Bxd4 45. h6+ Kg6 46. Qh2 Qc3+ 47. Kd1 Bf3+ 0-1


[Site "https://www.chess.com"]

[Event "Titled Tuesday Blitz March 22 Late 2022"]
[White "Garriga Cazorla, Pere"]
[Black "Janturin, Artur"]
[WhiteFideId "32011601"]
[BlackFideId "4130022"]
[WhiteElo "2458"]
[BlackElo "2372"]
[Result "1-0"]
[Round "01"]
[TimeControl "180+1"]
[Date "2022.03.22"]
[WhiteClock "0:00:18"]
[BlackClock "0:00:06"]

1. d4 e6 2. c4 b6 3. e4 Bb7 4. Bd3 f5 5. exf5 Bb4+ 6. Kf1 Nf6 7. a3 Bd6 8. Nc3 O-O 9. Nf3 Qe8 10. Nb5 Qh5 11. Be3 Ng4 12. h3 Nxe3+ 13. fxe3 Bg3 14. Nc3 exf5 15. d5 a5 16. Ne2 Bd6 17. Nf4 Qh6 18. g3 Na6 19. Qc2 Nc5 20. Bxf5 g6 21. Bg4 Rae8 22. Re1 Ba6 23. Kg2 Re4 24. b3 a4 25. b4 Rxc4 26. Qb2 Ne4 27. Bxd7 g5 28. Ne2 Rxf3 29. Be6+ Kf8 30. Kxf3 Nf6 31. Kg2 Qg6 32. Rhf1 Ke7 33. Nd4 Qe4+ 34. Kh2 Qe5 35. Qf2 Ne4 36. Qf8# 1-0


[Site "https://www.chess.com"]

[Event "Titled Tuesday Blitz March 22 Late 2022"]
[White "Gatterer, Florian"]
[Black "Papasimakopoulos, Alexandros"]
[WhiteFideId "811688"]
[BlackFideId "4244125"]
[WhiteElo "2218"]
[BlackElo "2340"]
[Result "0-1"]
[Round "01"]
[TimeControl "180+1"]
[Date "2022.03.22"]
[WhiteClock "0:00:18"]
[BlackClock "0:00:30"]

1. c4 e6 2. Nf3 d5 3. d4 Nf6 4. g3 Bb4+ 5. Bd2 Be7 6. Bg2 O-O 7. O-O c6 8. Qc2 Ne4 9. Bf4 Nd7 10. Nbd2 f5 11. Ne5 Bf6 12. e3 Nb6 13. Nxe4 fxe4 14. cxd5 exd5 15. h4 Qe7 16. a4 Nd7 17. Ng4 h6 18. Nxf6+ Nxf6 19. Qc5 Qf7 20. Bd6 Rd8 21. Bf4 Bg4 22. a5 Qe6 23. Qc3 Be2 24. Rfe1 Ba6 25. Bf1 Bxf1 26. Rxf1 Qh3 27. Qc2 g5 28. Be5 Ng4 29. f3 Nxe3 30. Qf2 Nxf1 31. Rxf1 Rf8 32. Qe3 Qxf1+ 33. Kxf1 Rxf3+ 34. Qxf3 exf3 35. Kf2 g4 36. h5 Rf8 37. Bf4 Rxf4 38. gxf4 Kf7 39. b4 Kf6 40. Kg3 Kf5 41. a6 b5 42. Kf2 Kxf4 43. Kf1 g3 0-1


[Site "https://www.chess.com"]

[Event "Titled Tuesday Blitz March 22 Late 2022"]
[White "Gledura, Benjamin"]
[Black "Buchenau, Frank"]
[WhiteFideId "712779"]
[BlackFideId "4604350"]
[WhiteElo "2326"]
[BlackElo "2193"]
[Result "1-0"]
[Round "01"]
[TimeControl "180+1"]
[Date "2022.03.22"]
[WhiteClock "0:00:13"]
[BlackClock "0:00:02"]

1. Nf3 Nf6 2. b3 b6 3. Bb2 Bb7 4. d4 e6 5. e3 Be7 6. Nbd2 O-O 7. Bd3 c5 8. dxc5 bxc5 9. O-O Nc6 10. c4 a5 11. Ng5 h6 12. Nge4 a4 13. bxa4 Nb4 14. Bb1 d5 15. cxd5 exd5 16. Nc3 d4 17. exd4 cxd4 18. Nb5 d3 19. a3 Nc2 20. Bxc2 dxc2 21. Qxc2 Qd5 22. Nf3 Rfc8 23. Qe2 Bf8 24. Bxf6 gxf6 25. Rfd1 Qh5 26. Nbd4 Rxa4 27. Rab1 Ba6 28. Qb2 Rxa3 29. Qb6 Qg6 30. Nh4 Qg5 31. Nhf5 Bc5 32. Qb2 Ra4 33. Rbc1 Bxd4 34. Rxc8+ Bxc8 35. Nxd4 Qd5 36. h3 Bb7 37. f3 Rc4 38. Qf2 Qc5 39. Rd2 Rc1+ 40. Kh2 Qc7+ 41. Qg3+ Qxg3+ 42. Kxg3 Rc4 43. Nf5 Kh7 44. Rd7 Kg6 45. Ne7+ Kg7 46. Nf5+ Kg6 47. Ne3 Rb4 48. Re7 Rb5 49. Kf4 Rb4+ 50. Kg3 Rb5 51. h4 h5 52. Kh3 Rb4 53. Kg3 Rb5 54. Nc4 Rb4 55. Nd6 Bc6 56. Rc7 Rb6 57. Nc8 Ra6 58. Rxc6 Rxc6 59. Ne7+ Kg7 60. Nxc6 Kf8 61. Nd4 Ke7 62. Kf4 Kd6 63. Kf5 Ke7 64. Nc6+ 1-0


[Site "https://www.chess.com"]

[Event "Titled Tuesday Blitz March 22 Late 2022"]
[White "Gokerkan, Cem Kaan"]
[Black "Dolzhykova, Kateryna"]
[WhiteFideId "6336760"]
[BlackFideId "14113414"]
[WhiteElo "2382"]
[BlackElo "2184"]
[Result "1-0"]
[Round "01"]
[TimeControl "180+1"]
[Date "2022.03.22"]
[WhiteClock "0:00:25"]
[BlackClock "0:00:04"]

1. e4 c5 2. c3 d5 3. exd5 Qxd5 4. d4 Nf6 5. Nf3 Bg4 6. Be2 e6 7. h3 Bh5 8. O-O Be7 9. Be3 cxd4 10. cxd4 O-O 11. Nc3 Qa5 12. Qb3 Qb4 13. g4 Bg6 14. Ne5 Nbd7 15. g5 Qxb3 16. axb3 Nxe5 17. gxf6 Bxf6 18. dxe5 Bxe5 19. Rxa7 Rxa7 20. Bxa7 Ra8 21. Be3 Bc2 22. Bf3 Bxb3 23. Bxb7 Rb8 24. Ba6 Bc2 25. Bc1 h6 26. Re1 Bf6 27. Re2 Bf5 28. Kg2 Rb6 29. Bc4 Rc6 30. Bb5 Rc8 31. Bd2 Rb8 32. Bf4 Rc8 33. Be5 Be7 34. Rd2 f6 35. Bd6 Rd8 36. Bf4 Rc8 37. Bd3 Bxd3 38. Rxd3 e5 39. Be3 Rb8 40. Nd5 Bf8 41. Bc1 Kf7 42. Rc3 Kg6 43. Rc4 Rb5 44. Nc7 Rb6 45. Nd5 Rb5 46. Nc3 Rb6 47. Na4 Rb5 48. Bd2 h5 49. h4 Rb8 50. b4 Rd8 51. Be3 Rb8 52. Bc5 Kf7 53. Bxf8 Kxf8 54. Nc5 Ke7 55. f4 Kd6 56. fxe5+ fxe5 57. Ne4+ Kd5 58. Nd2 Rf8 59. Rc5+ Kd6 60. Nc4+ Kd7 61. Nxe5+ Kd6 62. Nc4+ Kd7 63. Rxh5 Rf4 64. Ne5+ Ke6 65. b5 Rb4 66. Nd3 Rb3 67. Nc5+ 1-0


[Site "https://www.chess.com"]

[Event "Titled Tuesday Blitz March 22 Late 2022"]
[White "Golubka, Petro"]
[Black "Oro, Luis"]
[WhiteFideId "14114224"]
[BlackFideId "104094"]
[WhiteElo "2346"]
[BlackElo "2314"]
[Result "1-0"]
[Round "01"]
[TimeControl "180+1"]
[Date "2022.03.22"]
[WhiteClock "0:00:27"]
[BlackClock "0:00:12"]

1. d4 Nf6 2. f3 g6 3. e4 d6 4. Be3 Bg7 5. Qd2 Nbd7 6. c4 e5 7. d5 O-O 8. Nc3 a5 9. Bd3 Nc5 10. Bc2 Nfd7 11. Nge2 f5 12. O-O-O f4 13. Bf2 g5 14. b3 Qe7 15. Kb2 h5 16. a3 b6 17. b4 axb4 18. axb4 Na6 19. Nb5 Bb7 20. Ra1 Nf6 21. Kb3 Qd7 22. Nec3 Rfd8 23. Rhb1 Bf8 24. Ra4 c6 25. dxc6 Bxc6 26. Rba1 Nc7 27. Bxb6 Rxa4 28. Rxa4 Bxb5 29. cxb5 Nxb5 30. Nxb5 Rb8 31. Ra6 Qxb5 32. Bd3 Qd7 33. Bc4+ Kg7 34. b5 Be7 35. Ra7 Rb7 36. Rxb7 Qxb7 37. Bf2 Nd7 38. Qd5 Qxd5 39. Bxd5 Bd8 40. Bc6 Nb6 41. Kb4 Nc8 42. Bd7 Nb6 43. Be6 Kf6 44. Bb3 Ke7 45. Ka5 Nc4+ 46. Ka6 Ne3 47. Bxe3 fxe3 48. Bc4 Kd7 49. b6 Kc6 50. b7 Bc7 51. Ka7 Kc5 52. Bf1 Kd4 53. b8=Q Bxb8+ 54. Kxb8 Kc3 55. Kc7 Kd2 56. Kxd6 Ke1 57. Ba6 Kf2 58. Kxe5 Kxg2 59. Kf5 Kxf3 60. e5 g4 61. Kg5 Ke4 62. e6 1-0


[Site "https://www.chess.com"]

[Event "Titled Tuesday Blitz March 22 Late 2022"]
[White "Grigorov, Grigor"]
[Black "Dilanyan, Grigor"]
[WhiteFideId "2907313"]
[BlackFideId "13303570"]
[WhiteElo "2510"]
[BlackElo "2279"]
[Result "0-1"]
[Round "01"]
[TimeControl "180+1"]
[Date "2022.03.22"]
[WhiteClock "0:00:03"]
[BlackClock "0:00:05"]

1. d4 Nf6 2. Nf3 g6 3. Bg5 Bg7 4. Nbd2 d5 5. e3 O-O 6. Be2 Nbd7 7. O-O c5 8. c3 b6 9. a4 Bb7 10. a5 bxa5 11. Qa4 Nb6 12. Qxa5 cxd4 13. cxd4 h6 14. Bh4 g5 15. Bg3 Ne4 16. Rfc1 Nxg3 17. hxg3 Qd6 18. Nb3 Rfc8 19. Nc5 Bc6 20. b3 e6 21. Nd3 Bd7 22. Rc5 Bf8 23. Rac1 Rcb8 24. Nfe5 Be8 25. Rc7 f6 26. Ng4 Bg7 27. Rxa7 h5 28. Nh2 g4 29. Nf4 Rxa7 30. Qxa7 Nc8 31. Qc7 Qxc7 32. Rxc7 Bf7 33. Nf1 Nd6 34. Nd2 e5 35. dxe5 fxe5 36. Nd3 d4 37. exd4 exd4 38. Nc5 Nb5 39. Bxb5 Rxb5 40. Nde4 Bxb3 41. Ng5 Bf8 42. Nce6 Bxe6 43. Nxe6 d3 44. Rc8 Rb1+ 45. Kh2 d2 46. Rxf8+ Kh7 47. Rd8 d1=Q 48. Rxd1 Rxd1 49. f4 Kg6 50. Nc5 Kf5 51. Na4 Rc1 52. Nb6 Rd1 53. Nc4 Ke4 54. Ne5 Rd5 55. Ng6 Ra5 56. Nh4 Rb5 57. Ng6 Ra5 58. Nh4 Ra6 59. Kg1 Rf6 60. Kh2 Ke3 61. Kg1 Ke2 62. Kh1 Kf1 63. Kh2 Kf2 64. f5 Rf7 65. Ng6 Rxf5 66. Ne7 Re5 67. Ng6 Ra5 68. Nf4 Ke3 69. Ne6 Re5 70. Nf4 Rf5 71. Ng6 Ke4 72. Ne7 Rf6 73. Nc8 Kd5 74. Ne7+ Kd6 75. Nc8+ Kd7 76. Na7 Rb6 0-1


[Site "https://www.chess.com"]

[Event "Titled Tuesday Blitz March 22 Late 2022"]
[White "Grischuk, Alexander"]
[Black "Paszewski, Mateusz"]
[WhiteFideId "4126025"]
[BlackFideId "1141058"]
[WhiteElo "2762"]
[BlackElo "2102"]
[Result "1-0"]
[Round "01"]
[TimeControl "180+1"]
[Date "2022.03.22"]
[WhiteClock "0:00:11"]
[BlackClock "0:00:30"]

1. e4 c6 2. d4 d5 3. e5 c5 4. Nf3 cxd4 5. Qxd4 Nc6 6. Qf4 e6 7. Bd3 Nb4 8. Nc3 Nxd3+ 9. cxd3 Ne7 10. Bd2 Ng6 11. Qg3 Be7 12. h4 h5 13. Bg5 Bd7 14. O-O Rc8 15. Rac1 O-O 16. Ne2 Bb5 17. Rxc8 Qxc8 18. Bxe7 Nxe7 19. Nf4 Nf5 20. Qg5 Qd8 21. Qxh5 Nh6 22. Rc1 Be8 23. Qg5 Bc6 24. Qxd8 Rxd8 25. Nd4 Ng4 26. Re1 Bd7 27. f3 Nh6 28. Rc1 f6 29. exf6 e5 30. Nde6 Bxe6 31. Nxe6 Rd6 32. Rc8+ Kf7 33. Nxg7 Rxf6 34. Nh5 Rb6 35. Rc7+ Ke6 36. b3 Nf5 37. Ng7+ Nxg7 38. Rxg7 Kf5 39. h5 Kf4 40. Kf2 Rc6 41. g3+ Kf5 42. g4+ Kf4 43. Rf7+ Kg5 44. Rf5+ Kh4 45. Rxe5 d4 46. h6 Rc2+ 47. Re2 Rc6 48. h7 Rh6 49. Re5 Rxh7 50. a4 b6 51. b4 a6 52. a5 bxa5 53. bxa5 Rh8 54. Rh5+ Rxh5 55. gxh5 Kxh5 56. Kg3 Kg5 57. f4+ Kf5 58. Kf3 Ke6 59. Ke4 Kd6 60. Kxd4 Kc6 61. f5 Kb5 62. f6 Kxa5 63. f7 Kb4 64. f8=Q+ Kb5 65. Qc5+ Ka4 66. Kc4 a5 67. Qb5+ 1-0


[Site "https://www.chess.com"]

[Event "Titled Tuesday Blitz March 22 Late 2022"]
[White "Gulecyuz, Deniz"]
[Black "Karttunen, Mika"]
[WhiteFideId "30921341"]
[BlackFideId "502081"]
[WhiteElo "1923"]
[BlackElo "2343"]
[Result "0-1"]
[Round "01"]
[TimeControl "180+1"]
[Date "2022.03.22"]
[WhiteClock "0:00:10"]
[BlackClock "0:00:22"]

1. e4 c5 2. Nf3 d6 3. d4 cxd4 4. Nxd4 Nf6 5. Nc3 a6 6. Bg5 e6 7. f4 Qb6 8. Qd2 Qxb2 9. Rb1 Qa3 10. f5 Nc6 11. fxe6 fxe6 12. Be2 Qc5 13. Bxf6 gxf6 14. Nxc6 bxc6 15. Na4 Qe5 16. Nb6 Rb8 17. Rb3 d5 18. exd5 cxd5 19. Nxc8 Rxc8 20. O-O Bc5+ 21. Kh1 O-O 22. Rg3+ Kh8 23. Qh6 f5 24. Bxa6 Rb8 25. Bd3 Rg8 26. Rh3 Rg7 27. Qf4 Qxf4 28. Rxf4 Bd6 29. Rf1 f4 30. a4 e5 31. Bb5 e4 32. Rd1 Rg5 33. Rb3 Bc5 34. h3 Kg7 35. Bc6 Rxb3 36. cxb3 e3 37. Bb5 Bb4 38. Be2 Bd2 39. b4 Bxb4 40. Rd4 Bd6 41. Bf3 Bc5 42. Kg1 Bxd4 0-1


[Site "https://www.chess.com"]

[Event "Titled Tuesday Blitz March 22 Late 2022"]
[White "Hakobyan, Aram"]
[Black "Pinheiro, Iung Alicio de O."]
[WhiteFideId "13306677"]
[BlackFideId "2104350"]
[WhiteElo "2557"]
[BlackElo "2526"]
[Result "1-0"]
[Round "01"]
[TimeControl "180+1"]
[Date "2022.03.22"]
[WhiteClock "0:01:00"]
[BlackClock "0:00:04"]

1. d4 Nf6 2. Nf3 g6 3. Nc3 d5 4. Bf4 Bg7 5. Nb5 Na6 6. h3 O-O 7. e3 c6 8. Nc3 c5 9. Bxa6 bxa6 10. dxc5 Qa5 11. Qd4 Ne4 12. Be5 Bxe5 13. Nxe5 Qxc5 14. Qxc5 Nxc5 15. Nxd5 Bb7 16. Nf4 Rac8 17. O-O-O f6 18. Nd7 Rfe8 19. Nxc5 Rxc5 20. Rd7 Be4 21. c3 e5 22. Nd3 Rcc8 23. f3 Bc6 24. Rd6 e4 25. fxe4 Bxe4 26. Nf4 Rc5 27. Rxf6 Bf5 28. Re1 a5 29. Rd6 Re7 30. Rd4 Be4 31. h4 Kg7 32. g3 h6 33. Red1 g5 34. hxg5 hxg5 35. Nh5+ Kg6 36. g4 Re6 37. Rd6 Re5 38. Nf4+ gxf4 39. exf4 1-0


[Site "https://www.chess.com"]

[Event "Titled Tuesday Blitz March 22 Late 2022"]
[White "Halkias, Stelios"]
[Black "Zhou, Qiyu"]
[WhiteFideId "4201809"]
[BlackFideId "505161"]
[WhiteElo "2453"]
[BlackElo "1925"]
[Result "1/2-1/2"]
[Round "01"]
[TimeControl "180+1"]
[Date "2022.03.22"]
[WhiteClock "0:00:26"]
[BlackClock "0:00:49"]

1. e4 e5 2. Nf3 Nc6 3. Bc4 Bc5 4. c3 Nf6 5. d3 a6 6. a4 Ba7 7. O-O O-O 8. Re1 h6 9. h3 d6 10. Nbd2 Be6 11. b4 Qd7 12. Bxe6 Qxe6 13. Bb2 Nh5 14. Nf1 Nf4 15. Ng3 Ne7 16. d4 Neg6 17. Nf5 Rad8 18. d5 Qf6 19. c4 Ne7 20. Nxe7+ Qxe7 21. c5 f6 22. c6 bxc6 23. dxc6 d5 24. Qb3 Kh8 25. exd5 Rxd5 26. Rad1 Rfd8 27. Rxd5 Rxd5 28. Qc4 Qd6 29. Qxa6 Bxf2+ 30. Kxf2 Nd3+ 31. Kf1 Nxb2 32. Qc8+ Kh7 33. b5 Nd3 34. Re3 Nf4 35. Qf5+ Kg8 36. Qc8+ Kh7 37. Qf5+ Kg8 38. Qc8+ Kh7 1/2-1/2


[Site "https://www.chess.com"]

[Event "Titled Tuesday Blitz March 22 Late 2022"]
[White "Hambleton, Aman"]
[Black "Thomas, Anysia"]
[WhiteFideId "2606577"]
[BlackFideId "670472"]
[WhiteElo "2552"]
[BlackElo "2002"]
[Result "1-0"]
[Round "01"]
[TimeControl "180+1"]
[Date "2022.03.22"]
[WhiteClock "0:00:18"]
[BlackClock "0:00:05"]

1. d4 Nf6 2. c4 g6 3. Nc3 d5 4. cxd5 Nxd5 5. Bd2 Nb6 6. Nf3 Bg7 7. Qc1 Nc6 8. Bh6 O-O 9. Bxg7 Kxg7 10. e3 Bg4 11. Be2 Re8 12. h3 Bxf3 13. Bxf3 e5 14. Bxc6 bxc6 15. dxe5 Qd3 16. Qd1 Qc4 17. Qe2 Rxe5 18. Qxc4 Nxc4 19. O-O-O Rb8 20. b3 Nd6 21. Rd2 a5 22. Na4 c5 23. Rc2 c4 24. bxc4 Re4 25. Nb2 a4 26. Nxa4 Nxc4 27. Nc5 Na3 28. Nxe4 Rb1+ 29. Kd2 Rxh1 30. Rxc7 Rg1 31. g4 Ra1 32. Ng5 Rxa2+ 33. Ke1 Nc2+ 34. Kf1 Ra1+ 35. Kg2 Ne1+ 36. Kg3 Kf6 37. f4 h6 38. Rxf7# 1-0


[Site "https://www.chess.com"]

[Event "Titled Tuesday Blitz March 22 Late 2022"]
[White "Hamitevici, Vladimir"]
[Black "Lauridsen, Jesper Morch"]
[WhiteFideId "13902393"]
[BlackFideId "1401890"]
[WhiteElo "2359"]
[BlackElo "2277"]
[Result "1-0"]
[Round "01"]
[TimeControl "180+1"]
[Date "2022.03.22"]
[WhiteClock "0:00:02"]
[BlackClock "0:00:01"]

1. a3 e5 2. c4 g6 3. d4 exd4 4. Qxd4 Nf6 5. Bg5 Bg7 6. Qe5+ Kf8 7. Nc3 Nc6 8. Qe3 h6 9. Bh4 g5 10. Bg3 Ng4 11. Qd2 d6 12. h4 Bf5 13. e4 Bg6 14. Nf3 Qe7 15. Be2 Bxe4 16. Nxe4 Qxe4 17. hxg5 Re8 18. Kf1 Nce5 19. Nxe5 Bxe5 20. Bxe5 Rxe5 21. gxh6 Rf5 22. Bxg4 Qxg4 23. Qc3 Rg8 24. g3 Rf3 25. h7 Rxc3 26. hxg8=Q+ Kxg8 27. bxc3 Qxc4+ 28. Kg1 Qxc3 29. Rb1 Qxa3 30. Rxb7 Qc1+ 31. Kh2 Qh6+ 32. Kg1 Qc1+ 33. Kh2 Qc5 34. Rb8+ Kg7 35. Kg2 Qd5+ 36. Kg1 a5 37. Rhh8 Kf6 38. Ra8 a4 39. Rhb8 Qd1+ 40. Kg2 Qd5+ 41. Kh2 Qh5+ 42. Kg1 Qd5 43. Ra7 Qd1+ 44. Kg2 Qd5+ 45. Kh2 1-0


[Site "https://www.chess.com"]

[Event "Titled Tuesday Blitz March 22 Late 2022"]
[White "Havas, Ladislav"]
[Black "Sochacki, Christophe"]
[WhiteFideId "14501090"]
[BlackFideId "662569"]
[WhiteElo "2206"]
[BlackElo "2480"]
[Result "0-1"]
[Round "01"]
[TimeControl "180+1"]
[Date "2022.03.22"]
[WhiteClock "0:01:49"]
[BlackClock "0:01:25"]

1. d4 Nc6 2. Bf4 d6 3. Nf3 g6 4. Nc3 Bg7 5. Qd2 e5 6. dxe5 Nxe5 7. Nxe5 dxe5 8. Qxd8+ Kxd8 9. O-O-O+ Bd7 10. Bg5+ f6 11. Bd2 Ne7 12. e4 Kc8 13. f3 Rd8 14. Bc4 c6 15. Be3 Kc7 16. Rd2 b5 17. Bb3 a5 18. Bc5 Nc8 19. a4 Bh6 20. Rd1 b4 21. Ne2 Bxd2+ 22. Rxd2 Be8 23. Rxd8 Kxd8 24. Bg8 h5 25. h4 Kc7 26. g4 Nd6 27. Be6 hxg4 28. fxg4 Nxe4 0-1


[Site "https://www.chess.com"]

[Event "Titled Tuesday Blitz March 22 Late 2022"]
[White "Hnydiuk, Aleksander"]
[Black "Matlakov, Maxim"]
[WhiteFideId "1109057"]
[BlackFideId "4168003"]
[WhiteElo "2374"]
[BlackElo "2669"]
[Result "0-1"]
[Round "01"]
[TimeControl "180+1"]
[Date "2022.03.22"]
[WhiteClock "0:00:06"]
[BlackClock "0:00:16"]

1. Nf3 d5 2. d4 Nf6 3. c4 e6 4. g3 Be7 5. Bg2 O-O 6. O-O a5 7. Qc2 Nc6 8. Nbd2 a4 9. Rd1 a3 10. e4 axb2 11. Bxb2 Ba3 12. e5 Bxb2 13. Qxb2 Nd7 14. a4 Nb6 15. c5 Nd7 16. Nb3 Na5 17. Nxa5 Rxa5 18. Nd2 c6 19. Nb3 Ra8 20. a5 f6 21. exf6 gxf6 22. Bh3 Re8 23. Re1 Nf8 24. f4 Ng6 25. Re3 e5 26. Bxc8 Rxc8 27. fxe5 fxe5 28. dxe5 Qg5 29. Rae1 Rf8 30. e6 Rce8 31. Nd4 Nf4 32. Kh1 Nh3 33. R3e2 Qg7 34. Qd2 Ng5 35. e7 Rf7 36. Re5 Rf1+ 37. Rxf1 Qxe5 38. Qf4 Qxe7 39. Nf5 Qe4+ 40. Qxe4 Nxe4 41. Rb1 Nxc5 42. Nd6 Re7 43. Rc1 Rd7 44. Rxc5 Rxd6 45. Rc3 Kf7 46. Rb3 Rd7 47. Kg2 Ke6 48. Kf3 Ke5 49. Ke3 d4+ 50. Kd3 Kd5 51. Rb1 c5 52. Rb6 c4+ 53. Kd2 Rf7 0-1


[Site "https://www.chess.com"]